 Dungeon Crawl Stone Soup version 0.22-a0-601-gb0ed703 (webtiles) character file.

1653 galech the Skirmisher (level 9, -8/96 HPs)
             Began as an Ogre Berserker on July 6, 2018.
             Was an Elder of Trog.
             Killed from afar by an orc wizard (9 damage)
             ... with a puff of frost
             ... on level 6 of the Dungeon.
             The game lasted 00:07:02 (6394 turns).

galech the Skirmisher (Ogre Berserker)              Turns: 6394, Time: 00:07:03

Health: -8/96      AC:  7    Str: 23    XL:     9   Next: 0%
Magic:  9/9        EV: 12    Int:  8    God:    Trog [****..]
Gold:   302        SH:  0    Dex: 11    Spells: 8/8 levels left

rFire    . . .     SeeInvis .   a - +0 mace
rCold    . . .     Gourm    .   (no shield)
rNeg     . . .     Faith    +   b - +1 animal skin
rPois    .         Spirit   .   (helmet restricted)
rElec    .         Reflect  .   (no cloak)
rCorr    .         Harm     .   (gloves unavailable)
MR       .....                  (boots unavailable)
Stlth    ++........             o - amulet of faith
HPRegen  0.26/turn              f - +3 ring of protection
MPRegen  0.11/turn              (no ring)

@: berserk cooldown, slowed, very slow
A: large, unfitting armour, tough skin 1
a: Berserk, Trog's Hand, Brothers in Arms, Renounce Religion


You were on level 6 of the Dungeon.
You worshipped Trog.
Trog was greatly pleased with you.
You were hungry.

You visited 1 branch of the dungeon, and saw 6 of its levels.

You collected 302 gold pieces.

Inventory:

Hand Weapons
 a - a +0 mace (weapon)
Armour
 b - a +1 animal skin (worn)
Jewellery
 f - a +3 ring of protection (left hand)
 o - an amulet of faith (around neck)
 u - a +2 amulet of reflection {unknown}
 y - an uncursed amulet of regeneration {unknown}
Wands
 l - a wand of flame (51)
 z - a wand of paralysis (5)
Scrolls
 d - 7 scrolls of remove curse
 e - 3 scrolls of blinking {unknown}
 h - 5 scrolls of identify {unknown}
 i - 3 scrolls of noise {unknown}
 m - 2 scrolls of amnesia {unknown}
 q - 3 scrolls of enchant armour
 r - a scroll of fear {unknown}
 s - a scroll of magic mapping {unknown}
Potions
 g - a potion of might {unknown}
 j - a potion of degeneration {unknown}
 k - 2 potions of haste {unknown}
 n - a potion of mutation {unknown}
 p - 2 potions of agility {unknown}
 t - a potion of resistance {unknown}
 v - a potion of heal wounds {unknown}
 x - a potion of lignification {unknown}
Comestibles
 c - 5 rations
 w - 8 chunks of flesh


   Skills:
 + Level 7.8 Fighting
 + Level 7.5 Maces & Flails
 + Level 5.6 Dodging
 + Level 2.1 Stealth


You had 8 spell levels left.
You didn't know any spells.
Your spell library was empty.

Dungeon Overview and Level Annotations

Branches:
Dungeon (6/15)             Temple (0/1) D:5

Altars:
Cheibriados
Dithmenos
Elyvilon
Hepliaklqana
Makhleb
Okawaru
Qazlal
Trog
Uskayaw


Innate Abilities, Weirdness & Mutations

You are too large for most types of armour.
You have tough skin. (AC +1)


Message History

The orc closely misses you.
You hear some strange, mumbled words.
A puff of flame appears from out of thin air!
The puff of flame hits you!
* * * LOW HITPOINT WARNING * * *
You miss something. The orc hits you but does no damage. Something hits you.
* * * LOW HITPOINT WARNING * * *
You hit something. Something hits you but does no damage.
The orc hits you with a mace.
* * * LOW HITPOINT WARNING * * *
Something hits you.
* * * LOW HITPOINT WARNING * * *
Unknown command.
You hit something but do no damage. Something hits you but does no damage.
The orc hits you with a mace.
* * * LOW HITPOINT WARNING * * *
You hear some strange, mumbled words.
A puff of frost appears from out of thin air!
The puff of frost hits you!
You die...

### #..
#$###
#{o.# #@#
#)# #)#
#.#####
#.....#
#####.#
#.# ###
#######.#
########..
#.......#


You could see an orc.

Vanquished Creatures
  2 orc warriors (D:6)
  A black bear (D:4)
  An ogre (D:6)
  3 phantoms
  A centaur (D:5)
  Blork the orc (D:5)
  2 scorpions
  A crimson imp (D:5)
  A bullfrog zombie (D:5)
  A jelly (D:4)
  3 orc priests
  A gnoll shaman (D:5)
  A bullfrog skeleton (D:6)
  A centaur skeleton (D:4)
  An iguana (D:4)
  2 orc wizards
  7 worker ants
  Ijyb (D:5)
  7 gnolls
  6 adders
  3 oozes (D:1)
  2 worms
  4 dart slugs
  4 leopard geckos
  15 orcs
  2 ball pythons
  8 giant cockroaches
  4 goblins
  6 hobgoblins
  5 jackals
  7 kobolds
  3 quokkas
  7 bats
  16 frilled lizards
  7 rats
137 creatures vanquished.

Notes
Turn   | Place    | Note
-------+----------+-------------------------------------------
     0 | D:1      | galech the Ogre Berserker began the quest for the Orb.
     0 | D:1      | Reached XP level 1. HP: 24/24 MP: 1/1
     1 | D:1      | Found a runed door.
   285 | D:1      | Reached XP level 2. HP: 19/33 MP: 2/2
   920 | D:1      | Reached XP level 3. HP: 27/40 MP: 3/3
  1235 | D:1      | Reached ** piety under Trog
  1235 | D:1      | Reached skill level 5 in Fighting
  1522 | D:2      | Reached XP level 4. HP: 50/50 MP: 4/4
  1579 | D:2      | Found a faded altar of an unknown god.
  1959 | D:2      | Found a shadowy altar of Dithmenos.
  2094 | D:3      | Found a burning altar of Makhleb.
  2743 | D:4      | Reached XP level 5. HP: 57/57 MP: 5/5
  2897 | D:4      | Reached skill level 1 in Stealth
  2938 | D:4      | Noticed a phantom
  3488 | D:4      | Killed a phantom
  3488 | D:4      | Reached XP level 6. HP: 67/67 MP: 6/6
  4065 | D:3      | Found a stormy altar of Qazlal.
  4229 | D:3      | Found a hazy altar of Hepliaklqana.
  4273 | D:3      | Reached *** piety under Trog
  4451 | D:4      | Found a bloodstained altar of Trog.
  4451 | D:4      | Found a white marble altar of Elyvilon.
  4462 | D:4      | Found an iron altar of Okawaru.
  4465 | D:4      | Found a hide-covered altar of Uskayaw.
  4467 | D:4      | Found a snail-covered altar of Cheibriados.
  4811 | D:4      | Reached skill level 5 in Maces & Flails
  4811 | D:4      | Reached XP level 7. HP: 63/75 MP: 7/7
  5094 | D:5      | Entered Level 5 of the Dungeon
  5570 | D:5      | Reached XP level 8. HP: 68/87 MP: 8/8
  5588 | D:5      | Found a bloodstained altar of Trog.
  5676 | D:5      | Found a staircase to the Ecumenical Temple.
  5689 | D:5      | Reached **** piety under Trog
  5689 | D:5      | Reached skill level 5 in Dodging
  5792 | D:5      | Noticed Ijyb
  5807 | D:5      | Paralysed by Ijyb for 4 turns
  5814 | D:5      | Killed Ijyb
  5924 | D:5      | Noticed Blork the orc
  5933 | D:5      | Killed Blork the orc
  6383 | D:6      | Reached XP level 9. HP: 62/96 MP: 9/9
  6393 | D:6      | HP: 4/96 [something (3)]
  6394 | D:6      | HP: 1/96 [orc/mace (4)]
  6394 | D:6      | Killed from afar by an orc wizard

Vault maps used:
D:1:      dpeg_arrival_caged_fury, serial_park_tiny_1, kennysheep_minor_cross
D:2:      overflow_temple_1_default, chequers_ecumenical_altar_simple
D:3:      old_standard_altar, lemuel_round_altar, overflow_temple_1_default,
          minmay_lizard_king
D:4:      black_bear_nest_2, chequers_temple_overflow_minitemple
D:5:      nicolae_overflow_hidden_temple, minmay_temple_entry_grid,
          first_ration, bloody_trog, uniq_blork_the_orc, uniq_ijyb
D:6:      fiery_altar_vehumet, serial_shops, nicolae_shop_crystal

Skill      XL: |  1  2  3  4  5  6  7  8 |
---------------+-------------------------+-----
Maces & Flails | 3 4 5 6 7 |  7.5
Dodging        | 3 4 5 |  5.6
Fighting       | 5 6 7 |  7.8
Stealth        | 1 2 |  2.1

Action                   |  1- 3 |  4- 6 |  7- 9 || total
-------------------------+-------+-------+-------++-------
Melee: Mace              |   107 |   222 |   234 ||   563
Invok: Berserk           |     3 |     5 |     7 ||    15
       Trog's Hand       |       |     1 |     1 ||     2
  Use: Scroll            |       |     2 |       ||     2
 Stab: Sleeping          |       |     2 |     2 ||     4
  Eat: Chunk             |     4 |    12 |     8 ||    24
       Ration            |       |     1 |     1 ||     2
Armor: Animal skin       |    33 |    87 |    83 ||   203
Dodge: Dodged            |    79 |   164 |   107 ||   350

Table legend:
 A = Spawn XP
 B = Non-spawn XP
 C = Spawn XP percentage of total XP
 D = Spawn monster count
 E = Non-spawn monster count
 F = Spawn count percentage of total count
 G = Total turns spent on level
                    A         B        C        D         E        F      G
               +---------+---------+-------+---------+---------+-------+---------
         Total |       0 |    2362 |   0.0 |       0 |     137 |   0.0 |  6394
               +---------+---------+-------+---------+---------+-------+---------
           D:1 |       0 |      69 |   0.0 |       0 |      29 |   0.0 |  1464
           D:2 |       0 |      35 |   0.0 |       0 |      14 |   0.0 |   619
           D:3 |       0 |      98 |   0.0 |       0 |      28 |   0.0 |  1640
           D:4 |       0 |     638 |   0.0 |       0 |      22 |   0.0 |  1371
           D:5 |       0 |     884 |   0.0 |       0 |      31 |   0.0 |  1084
           D:6 |       0 |     638 |   0.0 |       0 |      13 |   0.0 |   216
               +---------+---------+-------+---------+---------+-------+---------
